 Dungeon Crawl Stone Soup version 0.30.1-4-g462c640d31 (webtiles) character file.

Game seed: 2594709850338247235

65 hawla the Firebug (level 4, -3/33 HPs)
             Began as a Meteoran Fire Elementalist on Aug 19, 2023.
             Slain by an orc wizard
             ... wielding a +0 dagger
              (4 damage)
             ... on level 4 of the Dungeon.
             The game lasted 00:03:28 (442 turns).

hawla the Firebug (Meteoran Fire Elementalist)       Turns: 442, Time: 00:03:29

Health: -3/33      AC:  2    Str:  9    XL:     4   Next: 62%
Magic:  3/10       EV: 13    Int: 19    God:
Gold:   37         SH:  0    Dex: 14    Spells: 6/9 levels left

rFire   . . .        e - +2 dagger (venom)
rCold   . . .        (no shield)
rNeg    . . .        a - +0 robe
rPois   .            (no helmet)
rElec   .            (no cloak)
rCorr   .            (no gloves)
SInv    .            (no boots)
Will    .....        (no amulet)
Stlth   +            (no ring)
HPRegen 0.25/turn    (no ring)
MPRegen 0.12/turn

%: no passive effects
@: attractive, very slightly contaminated, glowing
A: sense surroundings 1, otherworldly, glowing, explore regen
a: no special abilities


You were on level 4 of the Dungeon.
You visited 1 branch of the dungeon, and saw 4 of its levels.

You collected 37 gold pieces.

Inventory:

Hand Weapons
 e - a +2 dagger of venom (weapon)
Armour
 a - a +0 robe (worn)
Scrolls
 g - a scroll of identify
 i - a scroll of enchant armour {unknown}


   Skills:
 + Level 3.0 Dodging
 - Level 1.4 Stealth
 + Level 3.4 Spellcasting
 + Level 2.3 Conjurations
 + Level 4.6 Fire Magic


You had 6 spell levels left.
You knew the following spells:

 Your Spells              Type           Power      Damage    Failure   Level
a - Foxfire               Conj/Fire      64%        2x1d7     3%          1
b - Scorch                Fire           40%        2d7       3%          2

Your spell library contained the following spells:

 Spells                   Type           Power      Damage    Failure   Level
 Inner Flame              Hex/Fire       12%        N/A       17%         3
 Volatile Blastmotes      Fire/Tloc      24%        2d12      17%         3
 Flame Wave               Conj/Fire      16%        2d7       34%         4
 Ozocubu's Armour         Ice            3%         N/A       41%         3
 Ozocubu's Refrigeration  Ice            1%         4d7       100%        7


Dungeon Overview and Level Annotations

Branches:
Dungeon (4/15) Zot: 1958
 Temple: D:4-7

Altars:


Innate Abilities, Weirdness & Mutations

You passively map a small area around you.
You are easily found by Zot.
You glow in the dark.
You regain HP and MP as you explore.


Message History

You feel attractive to monsters. The orc hits you with a +0 dagger.
Something hits you. The orc barely misses you.
Unknown command.
Casting: Scorch (safe; 3% risk of failure)
Confirm with . or Enter, or press ? or * to list all spells.
You miscast Foxfire.
You are very lightly contaminated with residual magic.
Nothing appears to happen.
You hear some strange, mumbled words.
You are confused.
The orc misses you. The orc hits you with a +0 dagger.
You're too confused to cast spells.
You're too confused to move!
The orc misses you. Something hits you but does no damage.
The orc hits you but does no damage.
Unknown command.
You're too confused to cast spells.
Sorry, you're not good enough to have a special ability.
Unknown command.
The orc hits you with a +0 dagger. The orc hits you with a +0 club.
Something hits you. The orc hits you with a +0 club.
The orc hits you but does no damage. Something hits you.
* * * LOW HITPOINT WARNING * * *
Unknown command.
You aren't carrying any potions.
You hear some strange, mumbled words.
A magic dart appears from out of thin air!
The magic dart hits you.
* * * LOW HITPOINT WARNING * * *
The orc barely misses you. The orc hits you with a +0 club.
* * * LOW HITPOINT WARNING * * *
Unknown command.
You aren't carrying any potions.
You are too confused!
You hit the orc.
You kill the orc!
You feel less confused. Something hits you.
You die...

## ○*
,,°☼####
*#☼
☼.§○#.*
°# *
☼.○..☼##☼
☼☼§.☼☼§..
.○°.○.☼☼#
PP.☼.○o§#
P..P°Z{@#
.○.☼§☼Z##
.§.○○.. ,
..○○°..*
, ,
..○○.°.*
..○○§☼☼ *
* ☼○.○☼.#
**
*####.§ *


You could see an orc, an adder zombie and a scorpion zombie.

Vanquished Creatures
  2 hound zombies (D:4)
  An adder (D:3)
  A dart slug (D:1)
  2 orcs (D:4)
  An endoplasm (D:1)
  2 giant cockroaches
  3 goblins
  4 hobgoblins
  2 kobolds
  4 ball pythons
  2 bats (D:1)
  2 frilled lizards (D:2)
  A rat (D:1)
27 creatures vanquished.

Vanquished Creatures (others)
  47 foxfires
47 creatures vanquished.

Grand Total: 74 creatures vanquished

Notes
Turn   | Place    | Note
-------+----------+-------------------------------------------
     0 | D:1      | hawla the Meteoran Fire Elementalist began the quest for
                  | the Orb.
     0 | D:1      | Reached XP level 1. HP: 14/14 MP: 5/5
   130 | D:1      | Reached skill level 4 in Fire Magic
   130 | D:1      | Reached XP level 2. HP: 20/20 MP: 4/6
   133 | D:1      | Learned a level 2 spell: Scorch
   233 | D:2      | Reached XP level 3. HP: 19/26 MP: 1/8
   414 | D:4      | Reached XP level 4. HP: 24/33 MP: 2/9
   441 | D:4      | HP: 1/33 [orc/+0 club (3)]
   442 | D:4      | Slain by an orc wizard

Illustrated notes

Levels and vault maps discovered:
D:1:      psy_arrival_statuary, layout_loops_ring
D:2:      layout_rooms
D:3:      layout_basic, lemuel_crystal_altar, shapermc_ecumenical_altar_petra,
          uniq_sigmund
D:4:      minmay_thick_lines, layout_cave_pods, serial_shops,
          nicolae_shop_rolling_square, serial_undead, serial_undead_f,
          serial_undead_c, serial_undead_b, serial_undead_e

Skill      XL: |  1  2  3 |
---------------+----------+-----
Fire Magic     | 4 |  4.6
Spellcasting   | 3 |  3.4
Dodging        | 3 |  3.0
Conjurations   | 2 |  2.3
Stealth        | |  1.4

Action                     |  1- 3 |  4- 6 || total
---------------------------+-------+-------++-------
  Melee: Dagger            |    17 |     9 ||    26
   Cast: Foxfire           |    26 |     5 ||    31
         Scorch            |     6 |     3 ||     9
    Use: Potion            |       |     5 ||     5
         Scroll            |       |     2 ||     2
 Armour: Robe              |     1 |     9 ||    10
  Dodge: Dodged            |    12 |    17 ||    29
